 Dungeon Crawl Stone Soup version 0.26-a0-844-g3dd439832f (webtiles) character file.

Game seed: 15065268722056702676

70 pablito the Sneak (level 4, -1/21 HPs)
             Began as a Spriggan Enchanter on Nov 18, 2020.
             Slain by a gnoll
             ... wielding a +0 spear
              (7 damage)
             ... on level 2 of the Dungeon.
             The game lasted 00:07:58 (968 turns).

pablito the Sneak (Spriggan Enchanter)               Turns: 968, Time: 00:07:58

Health: -1/21      AC:  3    Str:  4    XL:     4   Next: 3%
Magic:  2/9        EV: 19    Int: 16    God:
Gold:   53         SH:  0    Dex: 17    Spells: 5/8 levels left

rFire    . . .     SeeInvis +   a - +1 dagger
rCold    . . .     Faith    .   (shield restricted)
rNeg     . . .     Spirit   .   b - +0 robe
rPois    .         Reflect  .   (helmet restricted)
rElec    .         Harm     .   c - +0 cloak
rCorr    .         Rampage  .   (gloves unavailable)
MR       .....                  (boots unavailable)
Stlth    +++.......             (no amulet)
HPRegen  0.07/turn              (no ring)
MPRegen  0.11/turn              (no ring)

@: very quick
A: very small, unfitting armour, see invisible, speed 3
a: no special abilities


You were on level 2 of the Dungeon.
You visited 1 branch of the dungeon, and saw 2 of its levels.

You collected 53 gold pieces.

Inventory:

Hand Weapons
 a - a +1 dagger (weapon)
 e - a +0 hunting sling
Missiles
 f - 15 sling bullets
 k - 17 poisoned darts (quivered)
Armour
 b - a +0 robe (worn)
 c - a +0 cloak (worn)
Scrolls
 h - a scroll of immolation {unknown}
 i - a scroll of random uselessness {unknown}
 j - 2 scrolls of identify {unknown}
Potions
 d - 3 potions of curing {unknown}
 g - a potion of degeneration {unknown}


   Skills:
 + Level 2.2 Short Blades
 + Level 4.0 Dodging
 + Level 5.3 Stealth
 - Level 2.6 Spellcasting
 + Level 4.3 Hexes


You had 5 spell levels left.
You knew the following spells:

 Your Spells              Type           Power        Failure   Level
a - Corona                Hex            ###....      3%          1
b - Ensorcelled Hibernat  Hex/Ice        #.....       12%         2

Your spell library contained the following spells:

 Spells                   Type           Power        Failure   Level
 Confusing Touch          Hex            ###.....     10%         3
 Tukima's Dance           Hex            ###.....     10%         3
 Dazzling Flash           Conj/Hex       #.....       24%         3


Dungeon Overview and Level Annotations

Branches:
Dungeon (2/15)

Altars:


Innate Abilities, Weirdness & Mutations

You are very small and have problems with some larger weapons.
You are too small for most types of armour.
You have supernaturally acute eyesight. (SInv)
You cover ground extremely quickly.


Message History

The adder is lightly wounded.
The adder misses you.
You miss the adder.
The adder is lightly wounded.
The adder misses you.
You hit the adder but do no damage.
The adder is lightly wounded.
The adder misses you. The worm barely misses you. The adder misses you.
You miss the adder.
The adder is lightly wounded.
The gnoll closely misses you. The adder closely misses you.
You barely miss the adder.
The adder is lightly wounded.
The gnoll hits you from afar with a +0 spear!
Ouch! That really hurt!
The worm misses you. The adder misses you.
You hit the adder.
The adder is lightly wounded.
The gnoll hits you from afar with a +0 spear!
You die...

.....######.g........#
#.. .g###' .....?.#
#..........# ..##.# #.
######.# #..........#
..##.# #g .# #.#
#........... .##.###S
.#####.# ##+#........
g.g..... g.†....##
########. .#..###.
......w.## # #<
†...###..###.###### ##
+..## #....#...S@.#
...# #.##[######w#
.... #..##...g.w.g#
##..h..############
.#rh.# #.h## ..#


You could see a worm, a gnoll and an adder.

Vanquished Creatures
  Natasha (D:2)
  An adder (D:2)
  A gnoll (D:2)
  A ball python (D:1)
  A giant cockroach (D:1)
  3 goblins (D:1)
  3 hobgoblins
  A jackal (D:2)
  6 bats (D:1)
  2 frilled lizards (D:1)
  3 kobolds (D:1)
  4 rats
27 creatures vanquished.

Notes
Turn   | Place    | Note
-------+----------+-------------------------------------------
     0 | D:1      | pablito the Spriggan Enchanter began the quest for the Orb.
     0 | D:1      | Reached XP level 1. HP: 9/9 MP: 5/5
   298 | D:1      | Reached XP level 2. HP: 13/13 MP: 4/6
   516 | D:1      | Learned a level 2 spell: Ensorcelled Hibernation
   844 | D:2      | Noticed Natasha
   849 | D:2      | Killed Natasha
   850 | D:2      | Reached skill level 5 in Stealth
   850 | D:2      | Reached XP level 3. HP: 16/16 MP: 8/8
   920 | D:2      | Reached XP level 4. HP: 21/21 MP: 1/9
   968 | D:2      | Slain by a gnoll

Illustrated notes

Levels and vault maps discovered:
D:1:      dpeg_arrival_prison, layout_rooms
D:2:      minmay_chambers_of_twos, layout_basic, lemuel_coloured_pillars_altar,
          minmay_bisected, uniq_natasha

Skill      XL: |  1  2  3 |
---------------+----------+-----
Hexes          | 4 |  4.3
Short Blades   | 2 |  2.2
Stealth        | 5 |  5.3
Dodging        | 4 |  4.0
Spellcasting   | |  2.6

Action                   |  1- 3 |  4- 6 || total
-------------------------+-------+-------++-------
Melee: Dagger            |    74 |    27 ||   101
 Cast: Corona            |     7 |       ||     7
       Ensorcelled Hiber |     8 |     2 ||    10
 Stab: Sleeping          |    11 |       ||    11
Armor: Robe              |     7 |     2 ||     9
Dodge: Dodged            |    89 |    29 ||   118

Table legend: (Time is in decaauts)
 A = Elapsed time spent in this place.
 B = Non-inter-level travel time spent in this place.
 C = Inter-level travel time spent in this place.
 D = Time resting spent in this place.
 E = Time spent auto-exploring this place.
 F = Levels seen in this place.
 G = Mean time per level.
                   A        B        C        D        E       F      G
               +--------+--------+--------+--------+--------+-----+--------+
         Total |    720 |    703 |     17 |     54 |    303 |   2 |  360.0 |
       Dungeon |    720 |    703 |     17 |     54 |    303 |   2 |  360.0 |
               +--------+--------+--------+--------+--------+-----+--------+

Top non-repeatable levels by time:
     D:1: 610 daAuts
     D:2: 109 daAuts
